 Dungeon Crawl Stone Soup version 0.17.1-1-g73c8601 (webtiles) character file.

70 MirrMurr the Sneak (level 4, -2/21 HPs)
             Began as a Spriggan Enchanter on Dec 16, 2015.
             Slain by an orc
             ... wielding a +0 flail
              (6 damage)
             ... on level 3 of the Dungeon.
             The game lasted 00:06:14 (3089 turns).

MirrMurr the Sneak (Spriggan Enchanter)             Turns: 3089, Time: 00:06:14

Health: -2/21      AC:  4    Str:  4    XL:     4   Next: 4%
Magic:  3/9        EV: 18    Int: 17    God:
Gold:   100        SH:  0    Dex: 16    Spells: 3 memorised, 2 levels left

rFire  . . .     SeeInvis +     a - +1 dagger
rCold  . . .     Clarity  .     b - +2 robe
rNeg   . . .     SustAt   .     (shield restricted)
rPois  .         Gourm    .     (helmet restricted)
rElec  .         Spirit   .     (no cloak)
rCorr  .         Warding  .     (gloves unavailable)
rMut   .         Stasis   .     (boots unavailable)
MR     .....                    (no amulet)
Stlth  ++++......               (no ring)
                                (no ring)

@: very quick, not resistant to hostile enchantments, stealthy
A: unfitting armour, see invisible, herbivore 3, speed 3, slow metabolism 2
a: no special abilities


You were on level 3 of the Dungeon.
You were not hungry.

You visited 1 branch of the dungeon, and saw 3 of its levels.

You collected 100 gold pieces.

Inventory:

Hand Weapons
 a - a +1 dagger (weapon)
Missiles
 f - 120 stones (quivered)
 m - 6 tomahawks of returning
Armour
 b - a +2 robe (worn)
Scrolls
 j - 3 scrolls of remove curse
Potions
 e - a potion of magic
 g - a potion of ambrosia {unknown}
 i - a potion of cancellation {unknown}
 k - a potion of heal wounds {unknown}
Books
 c - a book of Maledictions

   Spells                             Type                      Level
   a - Corona                         Hexes                        1
   b - Ensorcelled Hibernation        Hexes/Ice                    2
   c - Confuse                        Hexes                        3
   d - Tukima's Dance                 Hexes                        3
   e - Dazzling Spray                 Conjuration/Hexes            3
Comestibles
 d - 2 bread rations
 h - 2 fruits


   Skills:
 - Level 1.1 Short Blades
 - Level 3.0 Dodging
 * Level 7.5 Stealth
 + Level 2.8 Spellcasting
 - Level 3.6 Hexes


You had 2 spell levels left.
You knew the following spells:

 Your Spells              Type           Power        Failure   Level  Hunger
a - Ensorcelled Hibernat  Hex/Ice        #.....       14%         2    ##.....
b - Confuse               Hex            ##......     14%         3    ###....
c - Corona                Hex            ##.....      4%          1    #......


Dungeon Overview and Level Annotations

Branches:
Dungeon (3/15)

Altars:
Dithmenos


Innate Abilities, Weirdness & Mutations

You are tiny and cannot use many weapons and most armour.
You have supernaturally acute eyesight.
You are a herbivore.
You cover ground extremely quickly.
You need consume almost no food.


Message History

You impale the orc!!
You kill the orc!
Casting: Ensorcelled Hibernation
Confirm with . or Enter, or press ? or * to list all spells.
Aiming: Ensorcelled Hibernation
Press: ? - help, Shift-Dir - straight line, f - orc
Aim: an orc, wielding a flail (chance to defeat MR: 78%)
The orc resists with significant effort.
The orc hits you with a flail!
Ouch! That really hurt!
* * * LOW HITPOINT WARNING * * *
You are too injured to fight recklessly!
Casting: Ensorcelled Hibernation
Confirm with . or Enter, or press ? or * to list all spells.
Aiming: Ensorcelled Hibernation
Press: ? - help, Shift-Dir - straight line, f/p - orc
Aim: an orc, wielding a flail (chance to defeat MR: 78%)
The orc resists with significant effort.
The orc hits you with a flail.
You die...

..#.#.# #.#
.#######.#...# #.#
$......#.##### #.# .
####....##### #.#
.#####...........###.####
..........o...##)#......#
.........o....##)#.#..#.#
#.............##o#.##.#.#
#.............##@#.##.#.#
#...).........##.#....#.#
#.....).......##.######.#
#.............##........#
#.............###########
............."#
.############## .


You could see an orc.

Vanquished Creatures
  2 adders (D:2)
  A giant gecko (D:1)
  4 orcs (D:3)
  6 bats
  3 giant cockroaches
  7 goblins
  7 hobgoblins
  A jackal (D:3)
  5 giant newts
  6 kobolds
  4 rats
46 creatures vanquished.

Notes
Turn   | Place    | Note
--------------------------------------------------------------
     0 | D:1      | MirrMurr the Spriggan Enchanter began the quest for the Orb.
     0 | D:1      | Reached XP level 1. HP: 9/9 MP: 5/5
   168 | D:1      | Reached skill level 5 in Stealth
   229 | D:1      | Reached XP level 2. HP: 13/13 MP: 6/6
   646 | D:1      | Learned a level 2 spell: Ensorcelled Hibernation
  1011 | D:1      | Reached skill level 6 in Stealth
  1326 | D:1      | Reached XP level 3. HP: 16/16 MP: 8/8
  1331 | D:1      | Learned a level 3 spell: Confuse
  2294 | D:2      | Reached skill level 7 in Stealth
  2351 | D:2      | Found a shadowy altar of Dithmenos.
  3081 | D:3      | Reached XP level 4. HP: 15/21 MP: 9/9
  3089 | D:3      | Slain by an orc

Action                   |  1- 3 |  4- 6 || total
-------------------------+-------+-------++-------
Melee: Dagger            |   165 |     1 ||   166
 Cast: Ensorcelled Hiber |    10 |     3 ||    13
  Use: Scroll            |     7 |       ||     7
 Stab: Sleeping          |    14 |     1 ||    15
  Eat: Royal jelly       |     1 |       ||     1
